Map: Jagannatha LE

Players

Serral - Winner!

  • Race: Zerg Zerg
  • Spawn Location: 7:00

DRG

  • Race: Zerg Zerg
  • Spawn Location: 1:00

Event: ASUS ROG Online 2020

VOD

Have the link to the VOD?

Description

Time

  • Played on: Nov. 28, 2020, 12:29 p.m.
  • Length: 14:26

All games in this series

Show
View Real Time Build Order
Export as new Build Order

Serral Zerg - Winner!

Build Orders: Hatch First, Lurkers 

Get SALT Encoding   

  12  0:00  Drone  
  13  0:12  Overlord  
  13  0:17  Drone  
  14  0:30  Drone x2  
  16  0:48  Hatchery  
  15  0:51  Drone  
  15  0:54  Drone  
  17  0:58  Drone  
  18  1:08  Extractor  
  17  1:13  Spawning Pool  
  17  1:17  Drone  
  17  1:20  Drone  
  18  1:27  Drone  
  19  1:38  Drone  
  20  1:49  Drone  
  21  1:59  Queen x2  
  21  2:00  Zergling x2  
  21  2:01  Overlord  
  26  2:10  Drone  
  26  2:11  Drone, Metabolic Boost  
  28  2:21  Drone x2  
  30  2:33  Hatchery  
  30  2:35  Drone  
  30  2:37  Drone  
  30  2:44  Queen  
  31  2:50  Baneling Nest  
  32  2:54  Overlord  
  32  2:56  Zergling x2  
  33  2:59  Drone  
  33  3:01  Drone  
  35  3:06  Zergling x2  
  35  3:12  Drone x3  
  39  3:13  Drone  
  39  3:17  Overlord  
  40  3:21  Zergling x4  
  40  3:25  Drone  
  43  3:30  Zergling x2, Evolution Chamber  
  43  3:32  Drone  
  44  3:38  Drone x2, Baneling  
  44  3:39  Drone  
  44  3:40  Drone  
  48  3:44  Drone  
  49  3:49  Drone x2  
  49  3:53  Drone  
  49  3:54  Drone x2  
  54  3:57  Zerg Missile Weapons Level 1  
  54  3:58  Overlord  
  54  4:02  Drone x2  
  56  4:05  Drone  
  57  4:10  Lair  
  57  4:13  Drone  
  57  4:14  Extractor x2, Drone x2  
  58  4:19  Roach Warren  
  58  4:20  Drone  
  58  4:21  Drone  
  58  4:24  Drone  
  59  4:25  Drone x2  
  59  4:28  Drone x2  
  63  4:32  Overlord, Drone  
  63  4:36  Drone  
  65  4:42  Drone x2  
  66  4:50  Overlord  
  66  4:51  Pneumatized Carapace  
  66  4:52  Zergling x2, Extractor  
  66  4:53  Drone x6  
  66  4:59  Extractor, Drone x2  
  73  5:00  Extractor  
  73  5:04  Overlord  
  73  5:05  Drone x2  
  73  5:06  Overlord  
  74  5:08  Overlord  
  74  5:10  Drone x2  
  74  5:13  Drone, Overseer  
  76  5:17  Glial Reconstitution  
  76  5:21  Drone x2  
  76  5:22  Roach x2  
  76  5:26  Overlord  
  82  5:31  Hatchery  
  81  5:39  Roach x4  
  89  5:43  Overlord  
  89  5:45  Overlord  
  89  5:47  Roach x2  
  89  5:48  Roach x2  
  93  5:51  Drone  
  93  5:54  Overlord  
  94  5:57  Drone  
  94  5:58  Evolution Chamber  
  94  5:59  Queen  
  94  6:03  Queen  
  95  6:08  Roach x3  
  101  6:11  Overlord  
  101  6:14  Zerg Missile Weapons Level 2  
  101  6:15  Overlord  
  101  6:21  Roach x2  
  101  6:22  Overseer  
  105  6:30  Overlord x2  
  105  6:32  Zerg Ground Armor Level 1  
  105  6:33  Hatchery  
  105  6:34  Roach x2  
  108  6:40  Roach x3  
  108  6:46  Roach  
  108  6:47  Roach x3  
  122  6:52  Roach x3  
  128  6:56  Roach x2  
  128  6:59  Overlord, Overseer  
  132  7:02  Burrow  
  132  7:04  Overseer  
  132  7:08  Roach x3  
  138  7:13  Roach x2  
  138  7:14  Roach  
  144  7:18  Drone x4  
  144  7:19  Drone  
  144  7:20  Overlord  
  149  7:22  Tunneling Claws  
  149  7:23  Roach  
  149  7:26  Hydralisk Den  
  149  7:27  Spore Crawler, Drone  
  150  7:31  Spore Crawler  
  150  7:37  Infestation Pit  
  150  7:38  Roach x2  
  150  7:39  Spore Crawler, Ravager x4  
  150  7:40  Ravager x2  
  150  7:42  Spore Crawler  
  157  7:47  Roach x3  
  157  7:48  Queen  
  165  7:53  Drone x3  
  165  7:57  Roach x3  
  174  8:02  Overlord x2  
  174  8:07  Hydralisk Den, Roach  
  175  8:17  Hive  
  175  8:18  Extractor, Ravager  
  175  8:20  Roach  
  175  8:21  Roach x4  
  183  8:39  Roach x11  
  161  8:48  Drone  
  161  8:49  Roach x3  
  163  8:55  Muscular Augments  
  163  9:01  Hydralisk x4  
  171  9:08  Drone x3  
  174  9:10  Drone  
  174  9:11  Drone  
  174  9:16  Drone x4  
  180  9:19  Hydralisk  
  182  9:25  Ravager  
  182  9:26  Hydralisk x2  
  187  9:32  Lurker Den  
  187  9:33  Roach x3  
  187  9:36  Hydralisk x3  
  192  9:50  Zerg Ground Armor Level 2  
  192  9:51  Overseer  
  192  9:55  Drone  
  192  9:58  Zerg Missile Weapons Level 3  
  192  10:06  Spine Crawler  
  191  10:07  Grooved Spines  
  191  10:08  Spine Crawler  
  191  10:11  Drone  
  191  10:12  Drone x3  
  194  10:19  Extractor  
  194  10:20  Drone x2  
  187  10:30  Roach x2  
  187  10:31  Roach x2  
  187  10:32  Seismic Spines  
  187  10:34  Lurker x4  
  200  10:35  Lurker  
  198  10:55  Roach x2  
  198  10:56  Roach x10  
  200  10:58  Overseer  
  200  11:02  Roach x6  
  200  11:05  Hydralisk x2  
  200  11:10  Drone  
  200  11:11  Drone  
  199  11:13  Drone x3  
  195  11:19  Roach x7  
  195  11:24  Hydralisk  
  195  11:25  Hydralisk  
  199  11:29  Hatchery, Adaptive Talons  
  199  11:31  Drone  
  199  11:32  Drone  
  200  11:37  Roach x2  
  200  11:38  Roach x3  
  197  11:41  Viper  
  192  11:49  Overlord x3  
  192  11:50  Overseer x2  
  180  11:56  Viper x3  
  180  12:00  Roach  
  184  12:01  Overseer x2  
  182  12:09  Roach x9  
  182  12:15  Roach, Drone x17  
  193  12:23  Hydralisk x4  
  193  12:32  Lurker x2  
  195  12:40  Hydralisk x5  
  194  12:46  Hydralisk x2, Drone x2  
  194  12:49  Extractor  
  194  12:50  Drone  
  200  13:10  Roach  
  200  13:11  Roach x2  
  200  13:18  Overlord  
  200  13:20  Roach x2  
  200  13:21  Roach x4  
  200  13:22  Overlord, Roach x5  
  200  13:23  Roach x2  
  200  13:25  Hydralisk x4  
  184  13:38  Hydralisk  
  184  13:39  Hydralisk x15  
  181  13:52  Lurker x2  
  181  13:54  Drone x11  
  176  13:58  Hydralisk x2  
  177  14:04  Hatchery  
Show
View Real Time Build Order
Export as new Build Order

DRG Zerg 

Build Orders: Hatch First, Lurkers 

Get SALT Encoding   

  12  0:00  Drone  
  13  0:12  Overlord  
  13  0:17  Drone  
  14  0:30  Drone x2  
  16  0:48  Hatchery  
  15  0:51  Drone  
  15  0:55  Drone  
  17  0:58  Drone  
  18  1:09  Extractor  
  17  1:13  Spawning Pool  
  17  1:17  Drone  
  17  1:20  Drone  
  18  1:27  Drone  
  19  1:38  Drone  
  20  1:49  Drone  
  21  2:00  Queen x2  
  25  2:03  Overlord  
  25  2:04  Drone  
  26  2:10  Drone  
  26  2:11  Drone  
  26  2:12  Metabolic Boost  
  28  2:22  Zergling x2, Drone  
  30  2:32  Hatchery  
  30  2:35  Drone  
  30  2:37  Drone  
  30  2:43  Overlord  
  31  2:45  Drone  
  32  2:53  Baneling Nest, Drone  
  32  2:55  Drone  
  33  3:04  Drone  
  34  3:05  Drone  
  34  3:09  Zergling x4  
  34  3:11  Drone x3  
  40  3:14  Drone  
  40  3:19  Queen  
  43  3:23  Overlord  
  43  3:25  Drone  
  44  3:31  Evolution Chamber  
  44  3:34  Drone  
  44  3:44  Drone x6  
  44  3:45  Drone  
  44  3:47  Drone  
  52  3:50  Zergling x4  
  52  3:53  Drone  
  52  3:54  Drone  
  56  3:57  Zerg Missile Weapons Level 1  
  56  3:59  Overlord  
  56  4:03  Drone  
  56  4:07  Roach Warren  
  56  4:09  Drone x2  
  58  4:13  Overlord  
  58  4:16  Lair  
  58  4:19  Extractor, Drone x2  
  58  4:20  Extractor  
  58  4:21  Drone  
  60  4:24  Drone  
  60  4:26  Zergling x4  
  60  4:27  Drone  
  60  4:29  Drone  
  60  4:30  Drone  
  65  4:34  Drone x2  
  66  4:42  Drone  
  66  4:44  Drone x2  
  66  4:45  Baneling  
  68  4:47  Drone x3  
  68  4:51  Overlord  
  68  4:52  Drone  
  72  4:56  Extractor x2  
  72  4:57  Drone  
  72  4:59  Pneumatized Carapace  
  71  5:00  Overlord  
  71  5:03  Drone x3  
  71  5:05  Overlord  
  73  5:09  Overlord  
  73  5:11  Drone x2  
  73  5:13  Drone x3  
  78  5:14  Extractor, Glial Reconstitution  
  78  5:15  Overseer  
  78  5:18  Overseer  
  78  5:19  Drone x3  
  80  5:24  Drone x2  
  82  5:31  Zergling x2  
  83  5:37  Zergling x8, Hatchery  
  83  5:38  Zergling x4  
  88  5:43  Overlord  
  88  5:46  Zergling x4  
  89  5:51  Overlord  
  89  5:53  Zerg Missile Weapons Level 2  
  86  5:58  Drone  
  86  5:59  Roach, Spire  
  86  6:00  Roach x3  
  92  6:08  Overlord  
  92  6:09  Hatchery  
  93  6:11  Roach x5  
  93  6:16  Overlord  
  100  6:19  Roach  
  100  6:20  Roach x2  
  100  6:23  Overlord  
  106  6:28  Roach x4  
  112  6:36  Overlord  
  112  6:37  Roach  
  112  6:38  Roach  
  116  6:44  Overlord  
  118  6:47  Roach x7  
  129  6:56  Overlord  
  129  6:58  Roach x3  
  125  7:05  Overlord  
  125  7:09  Roach x6  
  125  7:10  Roach x2  
  141  7:16  Ravager x4  
  141  7:17  Roach x4  
  141  7:18  Ravager x3, Overseer  
  141  7:22  Roach x3  
  159  7:23  Queen  
  159  7:27  Overlord  
  159  7:32  Drone x6  
  159  7:35  Roach x3  
  171  7:41  Overlord  
  171  7:45  Roach x4  
  171  7:47  Drone x2  
  171  7:51  Extractor  
  180  7:52  Roach  
  180  7:56  Overlord  
  180  7:58  Roach x2  
  186  8:02  Overseer  
  186  8:05  Overlord  
  180  8:06  Roach x4  
  180  8:07  Roach x2  
  180  8:09  Zerg Ground Armor Level 1  
  180  8:11  Roach x3  
  198  8:17  Roach  
  198  8:18  Tunneling Claws  
  198  8:19  Burrow  
  200  8:21  Spine Crawler  
  199  8:30  Spine Crawler  
  199  8:31  Spine Crawler  
  199  8:32  Spine Crawler  
  181  8:43  Roach x10  
  167  8:49  Roach x4  
  167  8:52  Roach x2  
  167  8:57  Overseer  
  167  8:58  Overseer  
  167  8:59  Roach x3  
  173  9:04  Infestation Pit  
  173  9:05  Ravager x5  
  177  9:11  Roach x4  
  185  9:18  Roach x4  
  193  9:25  Drone x4  
  193  9:26  Extractor  
  193  9:27  Hydralisk Den, Ravager  
  193  9:28  Ravager  
  197  9:44  Roach x9, Hive  
  197  9:54  Roach x6  
  197  9:56  Roach x2  
  197  9:57  Roach  
  200  10:02  Lurker Den  
  200  10:06  Roach x3  
  193  10:19  Grooved Spines  
  189  10:26  Hydralisk x6  
  199  10:34  Hatchery  
  196  10:40  Roach x3  
  194  10:56  Roach x6  
  194  10:57  Roach x2  
  182  11:03  Roach x8  
  182  11:04  Roach x14  
  200  11:06  Seismic Spines  
  200  11:07  Lurker  
  200  11:10  Roach x3  
  200  11:16  Roach x4  
  191  11:27  Lurker x5  
  191  11:31  Muscular Augments  
  196  11:36  Roach x2  
  200  11:40  Roach x11  
  190  11:49  Roach x6  
  194  11:57  Overlord x2  
  170  12:24  Roach x17  
  170  12:25  Roach  
  170  12:28  Hydralisk x3  
  170  12:29  Hydralisk  
  189  12:31  Drone x3  
  189  12:33  Spore Crawler  
  189  12:37  Drone x4  
  187  12:42  Drone x3  
  187  12:43  Hydralisk  
  190  12:48  Hydralisk x2  
  190  12:49  Roach x11  
  194  12:53  Queen  
  192  13:21  Hydralisk x9  
  192  13:22  Overseer  
  192  13:23  Overseer x2  
  192  13:26  Roach x2  
  159  13:40  Roach x7  
  137  13:53  Roach x3  
  124  14:07  Roach x2  
Tags
 
Add a new tag
Caveats
  • Supply blocks, unpowered buildings, or Contaminate may cause inaccurate times.
  • Supply counts are checked every 10 seconds.